 Dungeon Crawl Stone Soup version 0.31-a0-188-g5e087ee2ca (webtiles) character file.

Game seed: 17087219772149705725

105 qw the Shooter (level 4, -2/25 HPs)
             Began as a Deep Elf Hunter on June 23, 2023.
             Killed by divine providence
             ... invoked by an orc priest
              (17 damage)
             ... on level 6 of the Dungeon.
             The game lasted 00:01:07 (1679 turns).

qw the Shooter (Deep Elf Hunter)                    Turns: 1679, Time: 00:01:07

Health: -2/25      AC:  6    Str: 10    XL:     4   Next: 53%
Magic:  6/6        EV: 12    Int: 14    God:
Gold:   65         SH:  0    Dex: 24    Spells: 3/3 levels left

rFire   . . .        Y - +0 shortbow
rCold   . . .        (shield currently unavailable)
rNeg    . . .        l - +1 ring mail
rPois   .            (no helmet)
rElec   .            (no cloak)
rCorr   .            (no gloves)
SInv    .            (no boots)
Will    .....        (no amulet)
Stlth   ++           e - +6 ring of dexterity
HPRegen 0.24/turn    (no ring)
MPRegen 0.10/turn

%: no passive effects
@: lethally poisoned (-2 -> -8)
A: no striking features
a: no special abilities


You were on level 6 of the Dungeon.
You visited 1 branch of the dungeon, and saw 4 of its levels.

You collected 65 gold pieces.


   Skills:
 - Level 1.5 Fighting
 + Level 7.7 Ranged Weapons
 - Level 3.0 Dodging
 - Level 1.2 Stealth


You had 3 spell levels left.
You didn't know any spells.
Your spell library was empty.

Inventory:

Hand Weapons
 Y - a +0 shortbow (weapon)
Armour
 l - a +1 ring mail (worn)
Jewellery
 e - a +6 ring of dexterity (left hand)
Scrolls
 d - a scroll of identify
 i - a scroll of teleportation
Potions
 a - a potion of lignification {unknown}
 b - 2 potions of heal wounds
 f - a potion of haste
 h - a potion of enlightenment {unknown}
 j - a potion of cancellation {unknown}
 k - a potion of curing {unknown}

Dungeon Overview and Level Annotations

Branches:
Dungeon (6/15)
 Temple: D:4-7

Altars:
Makhleb


Message History

You hear a loud, deep croak!
You hear an angry hiss.
An orc priest comes into view.
It is wielding a +1 short sword of venom.
You shoot an arrow. The arrow hits the orc priest.
The orc priest is lightly wounded.
An orc priest comes into view. It is wielding a +0 short sword.
1673 ||| Stepping ~*~*~tactically~*~*~ (outnumbered).
(D) Dungeon
Where to? (* - list waypoints, Enter - D:3, ? - help)
What level of the Dungeon? (default 1, ? - help)
An orc priest and an orc come into view.
You see here a +0 leather armour.
1675 ||| Stepping ~*~*~tactically~*~*~ (outnumbered).
(D) Dungeon
Where to? (* - list waypoints, Enter - D:5, ? - help)
What level of the Dungeon? (default 1, ? - help)
An ufetubus comes into view.
You see here a +0 leather armour.
You shoot an arrow.
The arrow closely misses the orc priest.
The ufetubus hits you but does no damage.
The ufetubus hits you.
The orc priest hits you but does no damage.
The orc hits you but does no damage.
An orc comes into view. It is wielding a +0 whip.
The ufetubus barely misses you. x2
You shoot an arrow.
The arrow closely misses the orc priest.
The ufetubus hits you but does no damage.
The ufetubus barely misses you.
The orc priest hits you with a +1 short sword of venom.
You are poisoned.
You shoot an arrow. The arrow hits the orc priest.
The orc priest is lightly wounded.
You feel very sick.
You hear a croak.
The ufetubus hits you. The ufetubus barely misses you.
The orc priest mumbles some strange prayers to Beogh against you.
Beogh smites you!
Ouch! That really hurt!
You die...

.... .... #..#
#..# #.. #.#
##.## #.@o#
#5#o#
........#oo.
####..#####...
##. ..## # <#
#


You could see 2 orc priests, 2 orcs and an ufetubus.

Vanquished Creatures
  An orc wizard (D:3)
  An adder (D:2)
  5 dart slugs
  6 orcs (D:3)
  5 ball pythons
  6 bats
  4 endoplasms
  3 giant cockroaches (D:1)
  4 goblins
  4 hobgoblins
  2 quokkas
  4 frilled lizards
  3 kobolds
  4 rats
52 creatures vanquished.

Notes
Turn   | Place    | Note
-------+----------+-------------------------------------------
     0 | D:1      | qw the Deep Elf Hunter began the quest for the Orb.
     0 | D:1      | Reached XP level 1. HP: 12/12 MP: 3/3
     0 | D:1      | 0 ||| qw: Version: 0.3-a-9-g12657ce
     0 | D:1      | 0 ||| qw: Game counter: 3289
     0 | D:1      | 0 ||| qw: Always use a shield: true
     0 | D:1      | 0 ||| qw: God list: Okawaru
     0 | D:1      | 0 ||| qw: Allow faded altars: false
     0 | D:1      | 0 ||| qw: Do Orc after D:15 true
     0 | D:1      | 0 ||| qw: Do second Lair branch before Depths: true
     0 | D:1      | 0 ||| qw: Lair rune preference: random
     0 | D:1      | 0 ||| qw: Plans: Normal
     0 | D:1      | 0 ||| PLANNING D:1-11
    31 | D:1      | 31 ||| Stepping ~*~*~tactically~*~*~ (outnumbered).
    48 | D:1      | Reached skill level 6 in Ranged Weapons
    48 | D:1      | Reached XP level 2. HP: 7/16 MP: 4/4
   194 | D:1      | Found a faded altar of an unknown god.
   196 | D:1      | 196 ||| READING scroll labelled FURECZ SU WENK.
   201 | D:1      | 201 ||| FLEEEEING.
   204 | D:1      | 204 ||| FLEEEEING.
   205 | D:1      | 205 ||| FLEEEEING.
   206 | D:1      | 206 ||| FLEEEEING.
   207 | D:1      | 207 ||| FLEEEEING.
   208 | D:1      | 208 ||| FLEEEEING.
   209 | D:1      | 209 ||| FLEEEEING.
   210 | D:1      | 210 ||| FLEEEEING.
   211 | D:1      | 211 ||| FLEEEEING.
   212 | D:1      | 212 ||| FLEEEEING.
   213 | D:1      | 213 ||| FLEEEEING.
   214 | D:1      | 214 ||| FLEEEEING.
   215 | D:1      | 215 ||| FLEEEEING.
   216 | D:1      | 216 ||| FLEEEEING.
   218 | D:1      | 218 ||| FLEEEEING.
   219 | D:1      | 219 ||| FLEEEEING.
   220 | D:1      | 220 ||| FLEEEEING.
   221 | D:1      | 221 ||| FLEEEEING.
   222 | D:1      | 222 ||| FLEEEEING.
   223 | D:1      | 223 ||| FLEEEEING.
   224 | D:1      | 224 ||| FLEEEEING.
   225 | D:1      | 225 ||| FLEEEEING.
   226 | D:1      | 226 ||| FLEEEEING.
   227 | D:1      | 227 ||| FLEEEEING.
   228 | D:1      | 228 ||| FLEEEEING.
   229 | D:1      | 229 ||| FLEEEEING.
   489 | D:1      | Reached XP level 3. HP: 20/20 MP: 5/5
   621 | D:1      | 621 ||| READING scroll labelled NIMACW APSU.
   772 | D:1      | 772 ||| READING scroll labelled CISULEG RIAWY.
   773 | D:1      | 773 ||| DROPPING scroll of butterflies.
   829 | D:2      | 829 ||| Stepping ~*~*~tactically~*~*~ (outnumbered).
   903 | D:2      | Reached skill level 7 in Ranged Weapons
  1009 | D:2      | 1009 ||| UPGRADING to +6 ring of dexterity.
  1020 | D:2      | 1020 ||| READING scroll labelled QENASAI EPPAHE.
  1031 | D:2      | 1031 ||| DRINKING 3 metallic puce potions.
  1042 | D:2      | 1042 ||| DRINKING 2 green potions.
  1053 | D:2      | 1053 ||| DRINKING 2 smoky silvery potions.
  1068 | D:2      | 1068 ||| DROPPING potion of berserk rage.
  1286 | D:2      | Found a burning altar of Makhleb.
  1384 | D:2      | 1384 ||| DROPPING ring of wizardry.
  1395 | D:2      | 1395 ||| READING 2 scrolls labelled QEAHYR DIQIPE.
  1530 | D:3      | Reached XP level 4. HP: 25/25 MP: 6/6
  1534 | D:3      | Reached skill level 3 in Dodging
  1534 | D:3      | 1534 ||| FLEEEEING.
  1535 | D:3      | 1535 ||| FLEEEEING.
  1536 | D:3      | 1536 ||| FLEEEEING.
  1656 | D:3      | You fall into a shaft and drop 3 floors!
  1659 | D:6      | 1659 ||| UPGRADING to +0 ring mail.
  1669 | D:6      | 1669 ||| DROPPING +0 leather armour.
  1670 | D:6      | 1670 ||| READING scroll of enchant armour.
  1670 | D:6      | 1670 ||| ENCHANTING +0 ring mail.
  1671 | D:6      | 1671 ||| READING scroll labelled HAH XAEKHLO.
  1673 | D:6      | 1673 ||| Stepping ~*~*~tactically~*~*~ (outnumbered).
  1675 | D:6      | 1675 ||| Stepping ~*~*~tactically~*~*~ (outnumbered).
  1679 | D:6      | Killed from afar by an orc priest

Levels and vault maps discovered:
D:1:      psy_arrival_radial02, layout_rooms,
          shapermc_ecumenical_altar_notcrosses, serial_glass, glass_columns_a,
          glass_columns_a, glass_columns_a, glass_columns_a, glass_columns_a,
          glass_columns_b, glass_columns_a, glass_columns_b
D:2:      layout_rooms, basic_altar, serial_forest, infiniplex_forest_lined_3,
          infiniplex_forest_end_1, infiniplex_forest_straight_2,
          infiniplex_forest_straight_2, infiniplex_forest_straight_3,
          infiniplex_forest_clump_double, infiniplex_forest_clump_small,
          kennysheep_generic_room_5
D:3:      layout_basic, uniq_crazy_yiuf_cottage
D:6:      layout_loops_ring, gammafunk_temple_overflow_claw, due_unseen_surprise

Skill      XL: |  1  2  3  4 |
---------------+-------------+-----
Ranged Weapons | 6 7 |  7.7
Dodging        | 3 |  3.0
Fighting       | |  1.5
Stealth        | |  1.2

Action                     |  1- 3 |  4- 6 || total
---------------------------+-------+-------++-------
   Fire: Shortbow          |   127 |    31 ||   158
    Use: Scroll            |     5 |     2 ||     7
         Potion            |     3 |       ||     3
 Armour: Leather armour    |    11 |     1 ||    12
         Ring mail         |       |     4 ||     4
  Dodge: Dodged            |    41 |    11 ||    52

Table legend:
 A = Non-vault XP
 B = Vault XP
 C = Vault XP percentage of total XP
 D = Non-vault monster count
 E = Vault monster count
 F = Vault count percentage of total count
                 A         B        C        D         E       F
            +---------+---------+-------+---------+---------+-------
      Total |     147 |       3 |   2.0 |      50 |       2 |   3.8
            +---------+---------+-------+---------+---------+-------
        D:1 |      43 |       0 |   0.0 |      23 |       0 |   0.0
        D:2 |      44 |       3 |   6.4 |      18 |       2 |  10.0
        D:3 |      60 |       0 |   0.0 |       9 |       0 |   0.0
            +---------+---------+-------+---------+---------+-------
